 Dungeon Crawl Stone Soup version 0.27-a0-1500-g450c7e4133 (webtiles) character file.

Game seed: 9547194945286171462

76 dickylongcocking the Skirmisher (level 4, -1/34 HPs)
             Began as a Djinni Wanderer on July 8, 2021.
             Slain by Jessica (3 damage)
             ... on level 3 of the Dungeon.
             The game lasted 00:02:26 (1949 turns).

dickylongcocking the Skirmisher (Djinni Wanderer)   Turns: 1949, Time: 00:02:26

Health: -1/34      AC:  6    Str: 14    XL:     4   Next: 57%
Gold:   122        EV:  9    Int: 15    God:
                   SH:  0    Dex:  9

rFire    + + +     SeeInvis .   h - +0 whip (venom)
rCold    . . .     Faith    .   (no shield)
rNeg     . . .     Spirit   .   g - +0 scale mail
rPois    ∞         Reflect  .   (no helmet)
rElec    +         Harm     .   (no cloak)
rCorr    +         Rampage  .   (no gloves)
Will     .....                  (boots unavailable)
Stlth    ..........             (no amulet)
HPRegen  0.11/turn              (no ring)
MPRegen  0.00/turn              (no ring)

@: resistant, flying, slowed, very slow
A: sickness immunity, fire resistance 2, cold vulnerability 1, float, innate
caster, hp casting, extra vitality 1
a: no special abilities


You were on level 3 of the Dungeon.
You visited 1 branch of the dungeon, and saw 3 of its levels.

You collected 122 gold pieces.

Inventory:

Hand Weapons
 a - a +2 shortbow
 h - a +0 whip of venom (weapon)
Missiles
 b - 42 arrows
Armour
 c - a +0 robe
 g - a +0 scale mail (worn)
Magical Staves
 e - a staff of earth
Scrolls
 d - 2 scrolls of identify {unknown}


   Skills:
 * Level 2.9 Fighting
 - Level 2.4 Bows
 - Level 2.0 Armour
 - Level 1.0 Stealth
 - Level 1.0 Unarmed Combat
 * Level 2.2 Spellcasting
 - Level 1.0 Evocations


You couldn't memorise any spells.
You knew the following spells:

 Your Spells              Type           Power      Damage    Failure   Level
a - Beastly Appendage     Tmut           16%        N/A       34%         1
b - Ignite Poison         Fire/Tmut/Pois 8%         N/A       71%         3
c - Shock                 Conj/Air       32%        1d5       34%         1
d - Mephitic Cloud        Conj/Pois/Air  8%         N/A       71%         3
e - Summon Small Mammal   Summ           32%        N/A       34%         1

Your spell library contained the following spells:

 Spells                   Type           Power      Damage    Failure   Level


Dungeon Overview and Level Annotations

Branches:
Dungeon (3/15)

Altars:

Annotations:
D:3 Jessica


Innate Abilities, Weirdness & Mutations

You are immune to sickness and miasma.
You are immune to poison.
Your flesh is very heat resistant. (rF++)
You are vulnerable to cold. (rC-)
You float through the air rather than walking.
You learn spells naturally, not from books.
Your magical power is your life essence.
You have superior vitality. (+4 HP)


Message History

The adder hisses angrily.
Jessica hits you with a +0 club. The orc closely misses you.
Unknown command.
You hit Jessica.
Jessica is severely wounded.
Jessica hits you with a +0 club.
The orc hits you with a +0 whip of flaming.
An orc comes into view. It is wielding a +0 flail.
Jessica hits you with a +0 club!
Unknown command.
Unknown command.
Casting: Shock (safe; 34% risk of failure)
Confirm with . or Enter, or press ? or * to list all spells.
Aiming: Shock (safe; 34% risk of failure)
Press: ? - help, Shift-Dir - straight line, f - Jessica
Aim: Jessica, wielding a +0 club and wearing a +0 robe (severely wounded, fast, 68% to hit)
Okay, then.
You closely miss Jessica.
Jessica is severely wounded.
Jessica casts a spell at you.
You feel yourself slow down.
The orc hits you with a +0 whip of flaming.
* * * LOW HITPOINT WARNING * * *
Jessica hits you with a +0 club.
* * * LOW HITPOINT WARNING * * *
Your magical contamination has completely faded away.
Unknown command.
Unknown command.
It was a potion of resistance.
You feel protected. Jessica hits you with a +0 club.
* * * LOW HITPOINT WARNING * * *
The orc completely misses you. Jessica hits you but does no damage.
The orc closely misses you.
An orc comes into view. It is wielding a +0 short sword.
Unknown command.
You hit Jessica.
Jessica is poisoned.
Jessica is almost dead.
Jessica hits you with a +0 club.
You die...

.......≈.≈.PP≈≈....#
...≈.≈≈≈≈≈≈≈♣♣≈#...##.#
#♣P≈P≈≈≈P≈≈♣♣.##.<....#
#♣≈≈≈≈♣≈≈♣≈#.##...####
#♣♣♣♣♣♣♣♣##.##...#
#.##...# #.###### #@#
#@# #o# .S. #..#.
#.o#.# o..# # ##.# ...


You could see an adder, Jessica (fast, very poisoned) and 3 orcs.

Vanquished Creatures
  3 adders
  A dart slug (D:2)
  An orc (D:3)
  4 bats
  6 endoplasms
  3 giant cockroaches
  4 goblins
  2 hobgoblins (D:2)
  6 kobolds
  A quokka (D:1)
  6 ball pythons
  3 frilled lizards
  2 rats
42 creatures vanquished.

Vanquished Creatures (others)
  A plant (D:3)
1 creature vanquished.

Grand Total: 43 creatures vanquished

Notes
Turn   | Place    | Note
-------+----------+-------------------------------------------
     0 | D:1      | dickylongcocking the Djinni Wanderer began the quest for
                  | the Orb.
     0 | D:1      | Reached XP level 1. HP: 18/18 MP: 0/0
   277 | D:1      | Reached skill level 1 in Spellcasting
   277 | D:1      | Reached XP level 2. HP: 12/23 MP: 0/0
   753 | D:1      | Found a faded altar of an unknown god.
   805 | D:1      | Reached XP level 3. HP: 28/28 MP: 0/0
   805 | D:1      | Learned a level 1 spell: Summon Small Mammal
  1143 | D:2      | Reached XP level 4. HP: 29/34 MP: 0/0
  1930 | D:3      | Noticed Jessica
  1949 | D:3      | Slain by Jessica

Illustrated notes

Levels and vault maps discovered:
D:1:      moated_graveyard_arrival, layout_loops_ring,
          shapermc_ecumenical_altar_ellora
D:2:      layout_loops_cross, minivault_25, minmay_distorted
D:3:      layout_basic, serial_bayou_ford_a, st_stairs_7, uniq_jessica

Skill      XL: |  1  2  3 |
---------------+----------+-----
Spellcasting   | 1 2 |  2.2
Fighting       | |  2.9
Bows           | |  2.4
Armour         | |  2.0
Stealth        | |  1.0
Unarmed Combat | |  1.0
Evocations     | |  1.0

Action                   |  1- 3 |  4- 6 || total
-------------------------+-------+-------++-------
Melee: Staff             |     4 |       ||     4
       Whip              |       |    37 ||    37
 Fire: Shortbow          |    79 |     7 ||    86
 Cast: Beastly Appendage |     2 |       ||     2
       Shock             |       |     1 ||     1
  Use: Potion            |       |     1 ||     1
Armor: Robe              |     3 |       ||     3
       Scale mail        |    12 |    14 ||    26
Dodge: Dodged            |    31 |    17 ||    48

Table legend: (Time is in decaauts)
 A = Elapsed time spent in this place.
 B = Non-inter-level travel time spent in this place.
 C = Inter-level travel time spent in this place.
 D = Time resting spent in this place.
 E = Time spent auto-exploring this place.
 F = Levels seen in this place.
 G = Mean time per level.
                   A        B        C        D        E       F      G
               +--------+--------+--------+--------+--------+-----+--------+
         Total |   1968 |   1905 |     63 |      0 |   1623 |   3 |  656.0 |
       Dungeon |   1968 |   1905 |     63 |      0 |   1623 |   3 |  656.0 |
               +--------+--------+--------+--------+--------+-----+--------+

Top non-repeatable levels by time:
     D:2: 981 daAuts
     D:1: 923 daAuts
     D:3: 63 daAuts
